[Event "Titled Tuesday Blitz October 18 Late 2022"]
[White "Rose, Felix"]
[Black "Banzea, Alexandru-Bogdan"]
[WhiteFideId "5105722"]
[BlackFideId "1232622"]
[WhiteElo "2039"]
[BlackElo "2294"]
[Result "1-0"]
[Round "07"]
[TimeControl "180+1"]
[Date "2022.10.19"]
[WhiteClock "0:00:23"]
[BlackClock "0:00:01"]

1. e4 c5 2. Nf3 a6 3. Nc3 e6 4. d4 cxd4 5. Nxd4 b5 6. Bd3 Bb7 7. O-O Nc6 8. Nxc6 Bxc6 9. Qf3 Bd6 10. Bf4 Bxf4 11. Qxf4 Ne7 12. Rad1 Ng6 13. Qd6 Qb8 14. Qxb8+ Rxb8 15. a3 Ke7 16. f4 Rhc8 17. e5 f5 18. exf6+ gxf6 19. f5 Nh4 20. fxe6 dxe6 21. Rf2 f5 22. Re1 Rg8 23. Ree2 Nf3+ 24. Kh1 Nd4 25. Rd2 h5 26. Ne2 Nxe2 27. Rdxe2 Kf6 28. Kg1 h4 29. Rf4 h3 30. g3 Rg4 31. Rxg4 fxg4 32. Rf2+ Kg5 33. Be2 e5 34. Rf7 Rd8 35. Rg7+ Kf6 36. Rxg4 Rd2 37. Kf2 Rxc2 38. Rh4 Rxb2 39. Rh6+ Kf5 40. Rxc6 1-0


[Site "https://www.chess.com"]

[Event "Titled Tuesday Blitz October 18 Late 2022"]
[White "Rosen, Eric"]
[Black "Guzman Moneo, Alberto"]
[WhiteFideId "2032562"]
[BlackFideId "2209616"]
[WhiteElo "2362"]
[BlackElo "2157"]
[Result "1-0"]
[Round "07"]
[TimeControl "180+1"]
[Date "2022.10.19"]
[WhiteClock "0:00:09"]
[BlackClock "0:00:08"]

1. d4 Nf6 2. Bf4 c5 3. e3 Qb6 4. Na3 d6 5. Nc4 Qc7 6. Nf3 g6 7. e4 Nxe4 8. Qe2 f5 9. g4 cxd4 10. gxf5 gxf5 11. Nxd4 e5 12. f3 exf4 13. fxe4 fxe4 14. Qxe4+ Qe7 15. Nxd6+ Kd7 16. O-O-O Qxe4 17. Nxe4 Kc7 18. Nb5+ Kb6 19. Nec3 Be6 20. Bg2 Nc6 21. Rhe1 Bc4 22. a4 a6 23. Nd4 Bc5 24. Nxc6 bxc6 25. b3 Bf7 26. Ne4 Be3+ 27. Kb2 Rhd8 28. Bf3 Bg6 29. c4 Rd4 30. Nc3 Rad8 31. a5+ Kc7 32. Rxd4 Rxd4 33. Nb1 Rd2+ 34. Nxd2 Bxd2 35. Re7+ Kd6 36. Ra7 Kc5 37. Rxa6 Kd4 38. Rxc6 Ke3 39. Bd5 f3 40. Bxf3 Kxf3 41. a6 Be4 42. Rf6+ Kg4 43. a7 Bg5 44. Re6 Bf3 45. b4 Kf5 46. Re8 Bf6+ 47. Kb3 h5 48. a8=Q Bxa8 49. Rxa8 h4 50. Ra5+ Kg4 51. Ra6 Bg5 52. Rg6 Kh3 53. Rxg5 Kxh2 54. c5 h3 55. c6 Kh1 56. c7 h2 57. Rf5 Kg1 58. c8=Q h1=Q 59. Qg8+ Kh2 60. Rh5# 1-0


[Site "https://www.chess.com"]

[Event "Titled Tuesday Blitz October 18 Late 2022"]
[White "Rosenberg, Evan S"]
[Black "Roque Sola, Jose Luis"]
[WhiteFideId "2019299"]
[BlackFideId "5120390"]
[WhiteElo "2351"]
[BlackElo "2117"]
[Result "1-0"]
[Round "07"]
[TimeControl "180+1"]
[Date "2022.10.19"]
[WhiteClock "0:00:25"]
[BlackClock "0:00:10"]

1. e4 e6 2. d4 d5 3. e5 c5 4. c3 Nc6 5. Nf3 Nge7 6. Bd3 cxd4 7. O-O dxc3 8. bxc3 Ng6 9. Re1 Qc7 10. Qe2 Bc5 11. h4 Qb6 12. h5 Nge7 13. h6 g6 14. Nbd2 Nf5 15. Bxf5 gxf5 16. Nb3 Be7 17. Rb1 Qd8 18. Nfd4 Rg8 19. Bf4 Rg4 20. g3 Bg5 21. Bd2 Bxd2 22. Qxd2 Qg5 23. Qxg5 Rxg5 24. Nb5 Kd7 25. Kg2 Rg6 26. Nd6 Ke7 27. Nd4 Nxd4 28. cxd4 Bd7 29. Rxb7 Rxh6 30. Rc1 Rd8 31. Rcc7 Rg6 32. Rxa7 f4 33. Nxf7 Kxf7 34. Rxd7+ Rxd7 35. Rxd7+ Kg8 36. a4 fxg3 37. fxg3 h5 38. Kf3 Rg4 39. a5 Rxd4 40. a6 Ra4 41. a7 Ra3+ 42. Kg2 Ra2+ 43. Kh3 Ra1 44. Rd8+ Kf7 45. a8=Q Rxa8 46. Rxa8 Kg6 47. Rf8 d4 48. Rf6+ Kg5 49. Rxe6 1-0


[Site "https://www.chess.com"]

[Event "Titled Tuesday Blitz October 18 Late 2022"]
[White "Rustemov, Alexander"]
[Black "Mortazavi, Ali"]
[WhiteFideId "4119002"]
[BlackFideId "401323"]
[WhiteElo "2755"]
[BlackElo "2339"]
[Result "1-0"]
[Round "07"]
[TimeControl "180+1"]
[Date "2022.10.18"]
[WhiteClock "0:01:07"]
[BlackClock "0:00:31"]

1. d4 Nf6 2. c4 g6 3. Nf3 Bg7 4. g3 O-O 5. Bg2 d6 6. Nc3 Nbd7 7. O-O e5 8. e4 c6 9. h3 Qa5 10. Re1 exd4 11. Nxd4 Ne5 12. Bf1 Qb6 13. Kg2 c5 14. Nc2 Be6 15. Ne3 Rad8 16. b3 Qc6 17. f3 Qc8 18. Kh2 Nh5 19. Bb2 f5 20. exf5 Bxf5 21. f4 Nc6 22. Bg2 Rfe8 23. Qd2 Nd4 24. Rad1 Bxh3 25. Bxh3 Nf3+ 26. Kg2 Qxh3+ 27. Kxh3 Nxd2 28. Rxd2 Bd4 29. Ncd5 Re4 30. Bxd4 cxd4 31. Nc2 Rde8 32. Rxe4 Rxe4 33. Nxd4 Kg7 34. Kg2 Re1 35. Re2 Rd1 36. Nb5 Nf6 37. Nxf6 Kxf6 38. Nxa7 h5 39. Nb5 Kf5 40. Nc3 Rd3 41. Nd5 h4 42. gxh4 Kg4 43. Kf2 Rh3 44. Ke1 Kf3 45. Re3+ 1-0


[Site "https://www.chess.com"]

[Event "Titled Tuesday Blitz October 18 Late 2022"]
[White "Sadhwani, Raunak"]
[Black "Timmermans, Mark"]
[WhiteFideId "35093487"]
[BlackFideId "1026399"]
[WhiteElo "2656"]
[BlackElo "2460"]
[Result "1-0"]
[Round "07"]
[TimeControl "180+1"]
[Date "2022.10.18"]
[WhiteClock "0:00:37"]
[BlackClock "0:01:30"]

1. Nf3 Nf6 2. c4 e6 3. g3 d5 4. Bg2 Be7 5. O-O O-O 6. b3 c5 7. Bb2 Nc6 8. e3 dxc4 9. bxc4 b6 10. Qe2 Bb7 11. d3 Qc7 12. Nc3 Rac8 13. Ne1 Rfd8 14. f4 Ne8 15. g4 Nb4 16. Bxb7 Qxb7 17. a3 Nc6 18. g5 Nd6 19. Rf3 g6 20. Rh3 b5 21. cxb5 Nxb5 22. Ne4 e5 23. fxe5 c4 24. dxc4 Nxe5 25. Rh4 Nxc4 26. Nf6+ Bxf6 27. Bxf6 Rd2 28. Qf1 Nxe3 29. Rxh7 Rg2+ 30. Qxg2 Qxg2+ 31. Nxg2 Kxh7 32. Nxe3 1-0


[Site "https://www.chess.com"]

[Event "Titled Tuesday Blitz October 18 Late 2022"]
[White "Sailer, Mike"]
[Black "Dzierzak, Radoslaw"]
[WhiteFideId "2012901"]
[BlackFideId "1161407"]
[WhiteElo "2109"]
[BlackElo "2111"]
[Result "0-1"]
[Round "07"]
[TimeControl "180+1"]
[Date "2022.10.19"]
[WhiteClock "0:00:02"]
[BlackClock "0:00:13"]

1. d4 Nf6 2. Bf4 b6 3. Nc3 Bb7 4. f3 d5 5. e3 a6 6. a3 e6 7. Bd3 Bd6 8. Bxd6 cxd6 9. Nge2 O-O 10. O-O e5 11. Ng3 g6 12. f4 exd4 13. exd4 Ne4 14. Ngxe4 dxe4 15. Bxe4 Bxe4 16. Nxe4 d5 17. Nd2 Nc6 18. c3 Ne7 19. Nf3 Nf5 20. Qd3 Qd6 21. Ne5 f6 22. Ng4 Rae8 23. Rf3 Re4 24. Ne3 Rfe8 25. Nxf5 gxf5 26. Raf1 b5 27. R3f2 Qd7 28. Qg3+ Kh8 29. Qh4 Qg7 30. Qh5 Qg6 31. Qxg6 hxg6 32. g3 Kg7 33. Kg2 Kf7 34. Rd2 R8e6 35. Rff2 Ke7 36. Kf1 Re1+ 37. Kg2 Kd6 38. Kf3 R6e3+ 39. Kg2 Kc6 40. Rf3 Re4 41. Rdf2 Kb6 42. Rf1 R1e2+ 43. R3f2 R2e3 44. Rf3 Re2+ 45. R1f2 Ka5 46. Rxe2 Rxe2+ 47. Rf2 Rxf2+ 48. Kxf2 Ka4 49. g4 fxg4 50. f5 gxf5 51. Kg3 Kb3 52. Kf4 Kxb2 53. Kxf5 Kxa3 54. Kxg4 Kb3 55. h4 a5 56. h5 a4 57. h6 a3 58. h7 a2 59. h8=Q a1=Q 60. Qxf6 Qg1+ 61. Kh5 Qh2+ 62. Kg6 Qg3+ 63. Kf7 Qxc3 64. Qd6 Qxd4 65. Qc6 Qc4 66. Qd6 d4+ 67. Kf6 d3 68. Kf5 d2 69. Qxd2 Qc2+ 70. Qxc2+ Kxc2 71. Ke4 b4 0-1


[Site "https://www.chess.com"]

[Event "Titled Tuesday Blitz October 18 Late 2022"]
[White "Saravana, Krishnan P."]
[Black "Mickiewicz, Piotr"]
[WhiteFideId "5018382"]
[BlackFideId "1114891"]
[WhiteElo "2155"]
[BlackElo "2246"]
[Result "0-1"]
[Round "07"]
[TimeControl "180+1"]
[Date "2022.10.19"]
[WhiteClock "0:00:03"]
[BlackClock "0:00:06"]

1. e4 c6 2. Nf3 d5 3. Nc3 Nf6 4. e5 Ne4 5. Bd3 Nc5 6. Qe2 Bg4 7. O-O e6 8. b3 Nxd3 9. Qxd3 Bf5 10. Qe2 Be7 11. Bb2 a6 12. d3 c5 13. h3 Nc6 14. Rfe1 h5 15. Nd1 d4 16. Nd2 b5 17. Ne4 Qd5 18. f4 h4 19. c4 dxc3 20. Ndxc3 Qd7 21. Rac1 Nd4 22. Qf2 Rc8 23. Ne2 Nxe2+ 24. Qxe2 O-O 25. Kh1 Rfd8 26. Red1 Bxe4 27. dxe4 Qc6 28. f5 Bg5 29. Rb1 c4 30. bxc4 bxc4 31. Bc3 Rd3 32. fxe6 Rxc3 33. exf7+ Kf8 34. Rd6 Qc5 35. Qg4 Bh6 36. Rf1 Rc1 37. Rxc1 Bxc1 38. Qh5 Bh6 39. Qf5 c3 40. Rd5 c2 41. Rxc5 Rxc5 42. Qd7 c1=Q+ 43. Kh2 Bf4+ 44. g3 Rc2+ 0-1


[Site "https://www.chess.com"]

[Event "Titled Tuesday Blitz October 18 Late 2022"]
[White "Sargsyan, Anna M."]
[Black "Pham, Khoi"]
[WhiteFideId "13308130"]
[BlackFideId "1054988"]
[WhiteElo "2284"]
[BlackElo "2463"]
[Result "1-0"]
[Round "07"]
[TimeControl "180+1"]
[Date "2022.10.19"]
[WhiteClock "0:00:08"]
[BlackClock "0:00:08"]

1. d4 f5 2. c4 Nf6 3. Nc3 g6 4. Bg5 Bg7 5. Qc2 Nc6 6. O-O-O O-O 7. Nf3 d6 8. Bxf6 Bxf6 9. e4 Bg7 10. a3 fxe4 11. Nxe4 Bg4 12. d5 Bxf3 13. gxf3 Ne5 14. Be2 Nxf3 15. Bxf3 Rxf3 16. Kb1 Rf5 17. h4 b5 18. cxb5 Rb8 19. a4 a6 20. Ng5 axb5 21. Ne6 Qd7 22. a5 c5 23. h5 b4 24. hxg6 hxg6 25. Rdg1 b3 26. Qxf5 Qa4 27. Qxg6 Qa2+ 28. Kc1 Qxb2+ 29. Kd1 Qa1+ 30. Ke2 Qb2+ 31. Ke3 Qe5+ 32. Qe4 Qc3+ 33. Qd3 Qe5+ 34. Kf3 Qf6+ 35. Ke2 Qe5+ 36. Kf1 Qa1+ 37. Kg2 Qf6 38. Qh7+ Kf7 39. Qxg7+ Qxg7+ 40. Nxg7 Kxg7 41. Kf3+ Kf6 42. Rh6+ Ke5 43. Re6+ Kd4 44. a6 b2 45. a7 Ra8 46. Rxe7 c4 47. Rb7 c3 48. Rd1+ Kc4 49. Rc7+ Kb3 50. Ke3 c2 51. Rd3+ Ka4 52. Rc4+ Kb5 53. Rxc2 b1=Q 54. Rcc3 Qb2 55. Rb3+ Qxb3 56. Rxb3+ Kc4 57. Rb7 Kxd5 58. Rc7 Ke5 59. f4+ Ke6 60. Ke4 d5+ 61. Kd4 Kd6 62. Rh7 Rf8 63. f5 Kc6 64. Ke5 d4 65. Kxd4 Kb6 66. Ke5 Kc5 67. f6 Kc4 68. Ke6 Kd3 69. Rf7 Ke2 70. Rxf8 Kf1 71. a8=Q Kf2 72. Qa3 Kg2 1-0


[Site "https://www.chess.com"]

[Event "Titled Tuesday Blitz October 18 Late 2022"]
[White "Sibilio, Mario"]
[Black "Winterberg, Lukas"]
[WhiteFideId "800422"]
[BlackFideId "24622702"]
[WhiteElo "2296"]
[BlackElo "2349"]
[Result "0-1"]
[Round "07"]
[TimeControl "180+1"]
[Date "2022.10.19"]
[WhiteClock "0:00:02"]
[BlackClock "0:00:51"]

1. d4 Nf6 2. c4 e6 3. Nc3 d5 4. Bg5 Be7 5. e3 h6 6. Bh4 O-O 7. Rc1 b6 8. Nf3 Bb7 9. Bxf6 Bxf6 10. cxd5 exd5 11. Bd3 Nd7 12. O-O c5 13. Bf5 Re8 14. Qa4 Nf8 15. dxc5 bxc5 16. Rfd1 d4 17. Ne2 Bxf3 18. gxf3 Qd5 19. Be4 Qg5+ 20. Ng3 Rad8 21. f4 Qg4 22. Kg2 dxe3 23. Bf5 Qh4 24. Rxd8 Rxd8 25. Rd1 Rxd1 26. Qxd1 exf2 27. Qg4 Qxg4 28. Bxg4 Bxb2 29. Kxf2 Bd4+ 30. Ke2 Ng6 31. Nh5 Ne7 32. Kd3 g6 33. Ng3 Nd5 34. f5 Nb4+ 35. Kc4 Nxa2 36. fxg6 fxg6 37. Ne4 Kg7 38. Nxc5 Bxc5 39. Kxc5 Kf6 40. Kc4 Kg5 41. Bd1 a5 42. Kb3 Nb4 43. Ka4 Kh4 44. Kxa5 Nd5 45. Kb5 Kh3 46. Kc5 Ne3 0-1


[Site "https://www.chess.com"]

[Event "Titled Tuesday Blitz October 18 Late 2022"]
[White "Souza Santos, Carlos Roberto"]
[Black "Celestino, Rafael Teixeira"]
[WhiteFideId "2150603"]
[BlackFideId "2108925"]
[WhiteElo "2064"]
[BlackElo "2353"]
[Result "0-1"]
[Round "07"]
[TimeControl "180+1"]
[Date "2022.10.19"]
[WhiteClock "0:00:42"]
[BlackClock "0:00:56"]

1. d4 Nf6 2. c4 e6 3. Bf4 d5 4. e3 Bb4+ 5. Nc3 Ne4 6. Qb3 c5 7. Nf3 Qa5 8. Rc1 O-O 9. Bd3 Nc6 10. O-O cxd4 11. exd4 Bxc3 12. bxc3 f5 13. cxd5 exd5 14. c4 Be6 15. cxd5 Bxd5 16. Bc4 Rad8 17. Rfd1 Bxc4 18. Rxc4 Rf7 19. Rxc6 bxc6 20. Ne5 Qd5 21. Qxd5 Rxd5 22. Nxf7 Kxf7 23. Be5 Nc3 24. Rc1 Ne2+ 25. Kf1 Nxc1 26. Ke1 Nd3+ 27. Ke2 Nxe5 28. dxe5 Rxe5+ 29. Kd3 Ra5 30. Kc4 Rxa2 31. Kc5 Rxf2 32. Kxc6 Rxg2 33. Kb7 Rxh2 34. Kxa7 Rb2 35. Ka6 f4 36. Ka5 f3 37. Ka4 f2 38. Ka3 Rb8 39. Ka4 f1=Q 0-1


[Site "https://www.chess.com"]

[Event "Titled Tuesday Blitz October 18 Late 2022"]
[White "Storey, Charles H"]
[Black "Janaszak, Dawid"]
[WhiteFideId "406686"]
[BlackFideId "1119206"]
[WhiteElo "2252"]
[BlackElo "2226"]
[Result "1/2-1/2"]
[Round "07"]
[TimeControl "180+1"]
[Date "2022.10.19"]
[WhiteClock "0:00:17"]
[BlackClock "0:01:31"]

1. c4 g6 2. Nf3 Bg7 3. d4 Nf6 4. Nc3 O-O 5. e4 d6 6. Be2 Bg4 7. Be3 Nc6 8. O-O e5 9. d5 Bxf3 10. Bxf3 Ne7 11. c5 Nd7 12. cxd6 cxd6 13. Nb5 f5 14. Nxd6 Nf6 15. Nxb7 Qb8 16. Qb3 fxe4 17. d6+ Ned5 18. Bxe4 Rf7 19. Bxd5 Nxd5 20. Qxd5 Qxb7 21. Qxb7 Rxb7 22. b3 Kf7 23. Rac1 Rd8 24. Rc7+ Rd7 25. Rfc1 Ke6 26. Rxb7 Rxb7 27. Rc7 Rxc7 28. dxc7 Kd7 29. Bxa7 Kxc7 30. Kf1 Kc6 31. Ke2 Kd5 32. a4 Bf8 33. a5 Bb4 34. a6 Kc6 35. Kd3 Kb5 36. Bb8 Kxa6 37. Bxe5 Kb5 38. f4 Bc5 39. Bc3 Bd6 40. Ke4 Bc7 41. g3 Kc5 42. h3 Bb8 43. g4 Kc6 44. f5 gxf5+ 45. Kxf5 Kd7 46. g5 Ke8 47. h4 Kf7 48. h5 Bd6 49. g6+ hxg6+ 50. hxg6+ Kg8 51. Ke6 Bc5 52. Kd5 Be3 53. Kc4 Bb6 54. b4 Bc7 55. b5 Bb6 56. Kd5 Ba5 57. Kc6 Bxc3 58. b6 Be5 59. b7 Kg7 60. Kd7 Kxg6 61. Kc8 Kf5 62. b8=Q Bxb8 1/2-1/2


[Site "https://www.chess.com"]

[Event "Titled Tuesday Blitz October 18 Late 2022"]
[White "Tarnowska, Aleksandra"]
[Black "Forgacs, Attila Jr."]
[WhiteFideId "1180967"]
[BlackFideId "773654"]
[WhiteElo "1776"]
[BlackElo "2168"]
[Result "0-1"]
[Round "07"]
[TimeControl "180+1"]
[Date "2022.10.19"]
[WhiteClock "0:00:01"]
[BlackClock "0:02:33"]

1. e4 e5 2. Nf3 Nc6 3. Bb5 a6 4. Ba4 Nf6 5. O-O Be7 6. Re1 b5 7. Bb3 O-O 8. c3 d5 9. exd5 Nxd5 10. Nxe5 Nxe5 11. Rxe5 c6 12. d4 Bd6 13. f4 Bxe5 14. fxe5 Qh4 15. Nd2 Bg4 16. Nf3 Qh5 17. Bd2 f6 18. exf6 Rxf6 19. Qe2 Bxf3 20. gxf3 Rg6+ 21. Kh1 Rf8 22. Rg1 Rxg1+ 23. Kxg1 Qxf3 24. Qxf3 Rxf3 25. Kg2 Rd3 26. Bg5 Kf8 27. Bd8 Rd2+ 28. Kg3 Rxb2 29. Bg5 Nxc3 0-1


[Site "https://www.chess.com"]

[Event "Titled Tuesday Blitz October 18 Late 2022"]
[White "Torres Boch, Jose Francisco"]
[Black "Turutin, Alexander"]
[WhiteFideId "2278383"]
[BlackFideId "4180623"]
[WhiteElo "2073"]
[BlackElo "2402"]
[Result "0-1"]
[Round "07"]
[TimeControl "180+1"]
[Date "2022.10.19"]
[WhiteClock "0:00:07"]
[BlackClock "0:01:04"]

1. e4 c6 2. d4 d5 3. Nd2 dxe4 4. Nxe4 Bf5 5. Ng3 Bg6 6. h4 h6 7. Nf3 Nd7 8. h5 Bh7 9. Bd3 Bxd3 10. Qxd3 e6 11. Bd2 Ngf6 12. O-O-O Be7 13. Kb1 Qb6 14. c4 Rd8 15. Bf4 O-O 16. Qc2 Rfe8 17. Nf1 c5 18. d5 exd5 19. Ne3 d4 20. Nf5 Bf8 21. g4 Qc6 22. Nd2 d3 23. Qxd3 Ne5 24. Qc3 Ne4 25. Qc2 Nxf2 26. Rhf1 Nxd1 27. Rxd1 Nf3 28. a3 Nxd2+ 29. Rxd2 Rxd2 30. Qxd2 Qe4+ 31. Ka2 Qxc4+ 32. Kb1 Re2 0-1


[Site "https://www.chess.com"]

[Event "Titled Tuesday Blitz October 18 Late 2022"]
[White "Vlassov, Nikolai"]
[Black "Carbone, Diego"]
[WhiteFideId "4103360"]
[BlackFideId "3002179"]
[WhiteElo "2324"]
[BlackElo "2243"]
[Result "0-1"]
[Round "07"]
[TimeControl "180+1"]
[Date "2022.10.19"]
[WhiteClock "0:00:47"]
[BlackClock "0:01:00"]

1. e4 e5 2. Bc4 Nf6 3. d3 c6 4. Nf3 d5 5. Bb3 Bb4+ 6. c3 Bd6 7. Bg5 dxe4 8. dxe4 h6 9. Bh4 O-O 10. Nbd2 a5 11. h3 b5 12. a4 Ba6 13. axb5 cxb5 14. O-O Nbd7 15. Re1 Qc7 16. Nf1 a4 17. Ba2 Rfe8 18. Ng3 Bf8 19. Nf5 g6 20. Ne3 Bb7 21. Bd5 Nxd5 22. Nxd5 Qc5 23. Qd3 Bg7 24. Rad1 a3 25. bxa3 Rxa3 26. Ne7+ Rxe7 27. Bxe7 Qxe7 28. Qxd7 Qxd7 29. Rxd7 Bc6 30. Rd8+ Kh7 31. Rc1 Bxe4 32. Rd7 Kg8 33. Rd8+ Kh7 34. Rb8 Bd3 35. Rb7 Kg8 36. Ne1 Bc4 37. f3 Bf6 38. Kf2 Bg5 39. Rc2 Ra1 40. g3 Kg7 41. h4 Bf6 42. Ng2 Rf1+ 43. Ke3 Bd5 44. Rf2 Rxf2 45. Kxf2 Bxb7 0-1


[Site "https://www.chess.com"]

[Event "Titled Tuesday Blitz October 18 Late 2022"]
[White "Von Buelow, Georg"]
[Black "Joubert, Dantelle"]
[WhiteFideId "4620658"]
[BlackFideId "14310813"]
[WhiteElo "2230"]
[BlackElo "1507"]
[Result "1-0"]
[Round "07"]
[TimeControl "180+1"]
[Date "2022.10.19"]
[WhiteClock "0:01:14"]
[BlackClock "0:00:36"]

1. e4 e5 2. Nf3 Nc6 3. Nc3 Nf6 4. d4 exd4 5. Nxd4 Bb4 6. Nxc6 bxc6 7. Bd3 O-O 8. O-O d5 9. exd5 Ng4 10. dxc6 Qh4 11. Bf4 Be6 12. Qf3 Bxc3 13. bxc3 Rad8 14. Bxc7 Rc8 15. Bg3 Qg5 16. c4 h5 17. Rfe1 h4 18. Bf4 Qh5 19. c7 Nf6 20. Qxh5 Nxh5 21. Bd6 Rfe8 22. c5 Bd7 23. Ba6 Rxe1+ 24. Rxe1 Ra8 25. Bb7 1-0


[Site "https://www.chess.com"]

[Event "Titled Tuesday Blitz October 18 Late 2022"]
[White "Vujic, Mihailo"]
[Black "Vusatiuk, Vladimir"]
[WhiteFideId "918873"]
[BlackFideId "14118610"]
[WhiteElo "2256"]
[BlackElo "2208"]
[Result "1/2-1/2"]
[Round "07"]
[TimeControl "180+1"]
[Date "2022.10.19"]
[WhiteClock "0:00:05"]
[BlackClock "0:00:20"]

1. e4 e5 2. Bc4 Nf6 3. d3 c6 4. Nf3 d5 5. Bb3 Bd6 6. Qe2 O-O 7. h3 a5 8. a3 Nbd7 9. Nc3 Nc5 10. Ba2 dxe4 11. Nxe4 Nfxe4 12. dxe4 Be6 13. Bxe6 Nxe6 14. Be3 b5 15. O-O Qf6 16. Rad1 Rfd8 17. Rd3 a4 18. Rfd1 Bc7 19. Nh2 h6 20. Qh5 Rxd3 21. Rxd3 Rd8 22. Ng4 Qe7 23. Nxe5 Bxe5 24. Qxe5 Rxd3 25. cxd3 Kh7 26. f4 b4 27. f5 bxa3 28. bxa3 Qxa3 29. fxe6 fxe6 30. Qxe6 Qxd3 31. Qf5+ Kg8 32. Bc5 a3 33. Qe6+ Kh7 34. Bf8 Qb1+ 35. Kh2 a2 36. Qf7 Qb2 37. Bxg7 Qxg7 38. Qxa2 Qe5+ 39. g3 Qxe4 40. Qf7+ Kh8 41. Qf8+ Kh7 42. Qf7+ Kh8 43. Qf8+ Kh7 44. Qf7+ 1/2-1/2


[Site "https://www.chess.com"]

[Event "Titled Tuesday Blitz October 18 Late 2022"]
[White "Wieczorek, Oskar"]
[Black "Remolar Gallen, Jose"]
[WhiteFideId "1133950"]
[BlackFideId "2215187"]
[WhiteElo "2404"]
[BlackElo "2214"]
[Result "0-1"]
[Round "07"]
[TimeControl "180+1"]
[Date "2022.10.19"]
[WhiteClock "0:01:12"]
[BlackClock "0:00:35"]

1. e4 c5 2. Nf3 d6 3. d4 cxd4 4. Nxd4 Nf6 5. Nc3 a6 6. h4 e5 7. Nb3 Be7 8. Bg5 Nbd7 9. a4 Qc7 10. Nd2 h6 11. Be3 b6 12. Bc4 Bb7 13. Qe2 Nc5 14. Bxc5 Qxc5 15. Rd1 O-O 16. Bb3 d5 17. exd5 Nxd5 18. Nxd5 Bxd5 19. Ne4 Qb4+ 20. Nd2 Bxb3 21. cxb3 Rad8 22. g3 Rd5 23. O-O Rfd8 24. Nc4 Qxb3 25. Rxd5 Rxd5 26. Nxe5 Bc5 27. Re1 Qxg3+ 0-1


[Site "https://www.chess.com"]

[Event "Titled Tuesday Blitz October 18 Late 2022"]
[White "Yuan, Qingyu"]
[Black "Holt, Conrad"]
[WhiteFideId "8609772"]
[BlackFideId "2034387"]
[WhiteElo "2359"]
[BlackElo "2592"]
[Result "1-0"]
[Round "07"]
[TimeControl "180+1"]
[Date "2022.10.18"]
[WhiteClock "0:00:09"]
[BlackClock "0:00:01"]

1. d4 d5 2. Bf4 c5 3. e3 Nc6 4. c3 Qb6 5. Qb3 c4 6. Qc2 Nf6 7. Nd2 Bg4 8. e4 e6 9. Be2 Bxe2 10. Nxe2 Be7 11. exd5 exd5 12. O-O Nh5 13. Rfe1 O-O 14. Nf1 Qd8 15. Nfg3 Nxf4 16. Nxf4 Bd6 17. Qf5 Ne7 18. Qg4 Qc8 19. Qf3 Qc6 20. Re2 Bxf4 21. Qxf4 Ng6 22. Qf3 Rfe8 23. Rae1 Rxe2 24. Rxe2 Rd8 25. h3 Kf8 26. Nf5 Qf6 27. g3 h6 28. h4 Rd7 29. Kg2 Ne7 30. Re5 Nxf5 31. Rxf5 Qc6 32. Qf4 Qd6 33. Rxf7+ 1-0


[Site "https://www.chess.com"]

[Event "Titled Tuesday Blitz October 18 Late 2022"]
[White "Zakaryan, David"]
[Black "Pavlidou, Ekaterini"]
[WhiteFideId "24101923"]
[BlackFideId "4213262"]
[WhiteElo "2409"]
[BlackElo "2125"]
[Result "1-0"]
[Round "07"]
[TimeControl "180+1"]
[Date "2022.10.19"]
[WhiteClock "0:01:25"]
[BlackClock "0:00:59"]

1. e4 c5 2. Nf3 Nc6 3. d4 cxd4 4. Nxd4 e5 5. Nb5 d6 6. N1c3 a6 7. Na3 Be6 8. Nc4 b5 9. Ne3 g6 10. a4 b4 11. Ncd5 Bg7 12. Bc4 Na5 13. Qe2 Nxc4 14. Qxc4 Ne7 15. Nc7+ Kd7 16. Nxe6 fxe6 17. Qxb4 Nc6 18. Qa3 Bh6 19. c3 Bxe3 20. Bxe3 Rb8 21. Rd1 Qc7 22. Bc5 Nd4 23. cxd4 dxc5 24. dxc5+ Ke8 25. O-O a5 26. Rd6 Kf7 27. Rfd1 Rhd8 28. Qh3 Kg7 29. Qxe6 Rxd6 30. Qxe5+ 1-0


[Site "https://www.chess.com"]

[Event "Titled Tuesday Blitz October 18 Late 2022"]
[White "Zhigalko, Sergei"]
[Black "Djokic, Mihailo"]
[WhiteFideId "13502956"]
[BlackFideId "976440"]
[WhiteElo "2662"]
[BlackElo "2315"]
[Result "1-0"]
[Round "07"]
[TimeControl "180+1"]
[Date "2022.10.18"]
[WhiteClock "0:00:44"]
[BlackClock "0:01:14"]

1. e4 c5 2. Nf3 d6 3. d4 cxd4 4. Qxd4 a6 5. Bc4 Nc6 6. Qd3 g6 7. Nc3 Bg7 8. Bb3 Bg4 9. Bg5 Nf6 10. O-O-O Qa5 11. Bd2 Nb4 12. Qc4 O-O 13. Nd5 Nfxd5 14. exd5 Bxf3 15. gxf3 Qb6 16. Qxb4 Qxf2 17. Rdf1 Qg2 18. Qg4 Qe2 19. c3 Rfe8 20. Bc4 Qe5 21. Re1 Qf6 22. Bg5 1-0


[Site "https://www.chess.com"]

[Event "Titled Tuesday Blitz October 18 Late 2022"]
[White "Zierk, Steven"]
[Black "Thomforde-Toates, Noah"]
[WhiteFideId "2034255"]
[BlackFideId "30951992"]
[WhiteElo "2494"]
[BlackElo "2661"]
[Result "0-1"]
[Round "07"]
[TimeControl "180+1"]
[Date "2022.10.18"]
[WhiteClock "0:00:18"]
[BlackClock "0:00:11"]

1. e4 c5 2. Nf3 g6 3. d4 cxd4 4. Nxd4 Bg7 5. c4 Nc6 6. Be3 Nf6 7. Nc3 Ng4 8. Qxg4 Nxd4 9. Qd1 e5 10. Bd3 O-O 11. O-O d6 12. Ne2 Be6 13. Nxd4 exd4 14. Bd2 Rc8 15. Qe2 Re8 16. Rac1 Qh4 17. f4 f5 18. Qf3 fxe4 19. Bxe4 Bg4 20. Qd3 Kh8 21. b4 Qh5 22. Rfe1 b6 23. h3 Bd7 24. Qa3 Qh4 25. Re2 d5 26. cxd5 Rxc1+ 27. Bxc1 Bb5 28. g3 Qxh3 29. Rh2 Qf1# 0-1


[Site "https://www.chess.com"]

[Event "Titled Tuesday Blitz October 18 Late 2022"]
[White "Zverev, Lev"]
[Black "Bluebaum, Matthias"]
[WhiteFideId "24250775"]
[BlackFideId "24651516"]
[WhiteElo "2207"]
[BlackElo "2633"]
[Result "0-1"]
[Round "07"]
[TimeControl "180+1"]
[Date "2022.10.18"]
[WhiteClock "0:00:28"]
[BlackClock "0:01:05"]

1. e4 e6 2. d4 d5 3. Nc3 Nf6 4. e5 Nfd7 5. f4 c5 6. Nf3 Nc6 7. Be3 a6 8. Qd2 b5 9. a3 Qa5 10. dxc5 Bxc5 11. Bxc5 Nxc5 12. Nd4 Nxd4 13. Qxd4 Ne4 14. b4 Qc7 15. Nxe4 dxe4 16. Qxe4 Bb7 17. Qe3 Qxc2 18. Rc1 Qa2 19. Be2 O-O 20. O-O Rac8 21. Ra1 Qb2 22. Rab1 Qc3 23. Bd3 Rfd8 24. Rfd1 g6 25. f5 exf5 26. Qe2 Re8 27. Re1 Rcd8 28. Rbd1 Rd5 29. Qf3 Qd4+ 30. Kh1 Rdxe5 31. Rxe5 Qxe5 32. Qf2 Qc3 33. h4 Qxa3 34. h5 Qxb4 35. hxg6 hxg6 36. Kh2 Qg4 37. Rc1 Bxg2 38. Qxg2 Qf4+ 39. Qg3 Qxc1 40. Bxf5 Re2+ 41. Kh3 Qh6+ 42. Kg4 Qh5+ 43. Kf4 Qxf5# 0-1


[Site "https://www.chess.com"]

[Event "Titled Tuesday Blitz October 18 Late 2022"]
[White "miragha_yev"]
[Black "Paravyan, David"]
[BlackFideId "4194985"]
[WhiteElo "2767"]
[BlackElo "2555"]
[Result "1/2-1/2"]
[Round "07"]
[TimeControl "180+1"]
[Date "2022.10.18"]
[WhiteClock "0:00:23"]
[BlackClock "0:01:08"]

1. e4 e5 2. Nf3 Nf6 3. Nxe5 d6 4. Nf3 Nxe4 5. Qe2 Qe7 6. d3 Nf6 7. Qxe7+ Bxe7 8. Nc3 O-O 9. Be2 Re8 10. O-O Bd8 11. Re1 Nc6 12. Bd2 Bd7 13. h3 h6 14. a3 a6 15. Bf1 Ne7 16. Ne4 Nxe4 17. Rxe4 Bc6 18. Re3 Bxf3 19. Rxf3 Nc6 20. Bc3 Ne5 21. Re3 Bg5 22. Re2 Nd7 23. Rxe8+ Rxe8 24. Re1 Rxe1 25. Bxe1 Bc1 26. Bc3 Nb6 27. Ba5 Bxb2 28. Bxb6 cxb6 29. a4 b5 30. axb5 a5 31. g3 a4 32. Bg2 a3 33. Bd5 Kf8 34. Kf1 Ke7 35. Ke2 Kf6 36. f4 g5 37. Kd2 Bd4 38. c3 Bf2 39. fxg5+ Kxg5 40. Bxf7 Bxg3 41. Kc2 Kf6 42. Bd5 b6 43. Kb3 Be1 44. c4 Bb4 45. h4 Ke5 46. h5 Kd4 47. Be4 Bc5 48. Bg6 Ke3 49. Be4 Kd2 50. Bg6 Kc1 51. Ka2 Kc2 52. d4+ Kc3 53. dxc5 dxc5 54. Bf7 Kb4 55. Be6 Ka4 56. Bg4 Kb4 57. Be2 Ka4 58. Bf1 Kb4 59. Kb1 Kb3 60. Be2 Kc3 61. Bf1 Kb3 62. Ka1 Kc3 63. Ka2 Kb4 64. Be2 Ka4 65. Bd1+ Kb4 66. Bb3 Ka5 67. Kxa3 1/2-1/2


[Site "https://www.chess.com"]